 Dungeon Crawl Stone Soup version 0.31-a0-66-ge618eeaa78 (webtiles) character file.

Game seed: 8583082260908655875

1351381 Flugkiller the Stormcaller (level 26, 113/165 HPs)
             Began as an Octopode Air Elementalist on May 22, 2023.
             Was the Champion of Nemelex Xobeh.
             Escaped with the Orb
             ... and 3 runes!
             The game lasted 03:02:29 (107263 turns).

Flugkiller the Stormcaller (OpAE)                 Turns: 107263, Time: 03:02:30

Health: 113/165    AC: 12    Str:  9    XL:     26   Next: 83%
Magic:  54/54      EV: 27    Int: 46    God:    Nemelex Xobeh [******]
Gold:   4285       SH: 32    Dex: 29    Spells: 7/62 levels left

rFire   + + .        E - staff of poison "Irphi Oxo" {rElec rPois Int+9}
rCold   + + .        r - +5 kite shield {AC+3}
rNeg    . . .        p - +2 hood of the Assassin {Detect Stab+ Stlth++}
rPois   +            M - amulet of reflection
rElec   +            j - ring of fire
rCorr   +            J - ring of the Marlin {rF+ rCorr Int+6 Dex+4}
SInv    .            I - +6 ring of dexterity
Will    +....        R - +6 ring of intelligence
Stlth   +++          y - ring "Imittu Acun" {Wiz Fly}
HPRegen 0.47/turn    B - ring of ice
MPRegen 0.34/turn    W - +4 ring of protection
                     U - ring of Qusifek {rF+ rC++ MP+9 Int+4}

%: reflection, wizardry (x1)
@: flying
A: almost no armour, amphibious, 8 rings, camouflage 1, gelatinous body 1,
(nimble swimmer 1), tentacles, iridescent scales 1, large bone plates 2,
inability to drink after injury 1, noise suppression
0: Orb of Zot
}: 3/15 runes: decaying, serpentine, slimy
a: Renounce Religion, Draw Escape, Draw Destruction, Draw Summoning, Triple
Draw, Deal Four, Stack Five


You escaped.
You worshipped Nemelex Xobeh.
Nemelex Xobeh was exalted by your worship.
You visited 10 branches of the dungeon, and saw 52 of its levels.
You also visited: Gauntlet and Ice Cave.

You collected 8407 gold pieces.
You spent 4122 gold pieces at shops.

Inventory:

Missiles
 c - 4 curare-tipped darts
 H - 8 throwing nets
Armour
 p - the +2 hood of the Assassin (worn) {Detect Stab+ Stlth++}
   (You bought it in a shop on level 2 of the Orcish Mines)

   Detect:    It allows the wearer to sense nearby creatures.
   Stab+:     It allows the wearer to make particularly effective stabbing
   attacks against helpless or unaware enemies with any weapon.
   Stlth:     It makes you much more stealthy.
 r - a +5 kite shield of protection (worn)
   (You took it off a naga warrior on level 4 of the Snake Pit)
Magical Staves
 u - a staff of air
   (You acquired it on level 2 of the Snake Pit)
 E - the staff of poison "Irphi Oxo" (weapon) {rElec rPois Int+9}
   (You found it on level 3 of the Elven Halls)

   [staff of poison]

   Base accuracy: +5 Base damage: 5 Base attack delay: 1.2 This weapon's minimum
   attack delay (0.6) is reached at skill level 12.
   Int:       It affects your intelligence (+9).
   rElec:     It insulates you from electricity.
   rPois:     It protects you from poison.
   It falls into the 'Staves' category.
   It is a one-tentacled weapon.
Jewellery
 f - the ring "Deuschat" {rF+ Dex+3}
   (You found it on level 3 of the Elven Halls)

   [ring of protection from fire]

   Dex:       It affects your dexterity (+3).
   rF:        It protects you from fire.
 i - a ring of see invisible
   (You found it on level 1 of the Dungeon)
 j - a ring of fire (left tentacle)
   (You found it on level 1 of the Dungeon)
 m - a ring of willpower
   (You found it on level 10 of the Dungeon)
 o - a ring of poison resistance
   (You took it off a deep elf knight on level 1 of the Elven Halls)
 y - the ring "Imittu Acun" (on tentacle) {Wiz Fly}
   (You acquired it on level 2 of the Snake Pit)

   [ring of wizardry]

   It improves your spell success rate.
   Fly:       It grants you flight.
 A - a ring of wizardry
   (You took it off a draconian scorcher on level 5 of the Realm of Zot)
 B - a ring of ice (on tentacle)
   (You found it on level 1 of the Dungeon)
 I - a +6 ring of dexterity (on tentacle)
   (You took it off a deep elf demonologist on level 3 of the Elven Halls)
 J - the ring of the Marlin (right tentacle) {rF+ rCorr Int+6 Dex+4}
   (You took it off a deep elf archer on level 12 of the Dungeon)

   [ring of intelligence]

   Int:       It affects your intelligence (+6).
   Dex:       It affects your dexterity (+4).
   rF:        It protects you from fire.
   rCorr:     It protects you from acid and corrosion.
 K - a ring of the Octopus King {rN+ HP+2 AC+2 EV+2 SH+2}
   (You took it off a deep elf demonologist on level 3 of the Elven Halls)

   [ring of positive energy]

   AC:        It affects your AC (+2).
   EV:        It affects your evasion (+2).
   rN:        It protects you from negative energy.
   HP:        It affects your health (+2).
   SH:        It affects your SH (+2).
 M - an amulet of reflection (around mantle)
   (You found it on level 3 of the Lair of Beasts)
 R - a +6 ring of intelligence (on tentacle)
   (You bought it in a shop on level 10 of the Dungeon)
 T - a ring of willpower
   (You found it in an ice cave)
 U - the ring of Qusifek (on tentacle) {rF+ rC++ MP+9 Int+4}
   (You found it on level 5 of the Pits of Slime)

   [ring of magical power]

   Int:       It affects your intelligence (+4).
   rF:        It protects you from fire.
   rC:        It greatly protects you from cold.
   MP:        It affects your magic capacity (+9).
 V - the amulet "Puehotec" {RegenMP rCorr Stlth+}
   (You took it off a deep elf blademaster on level 3 of the Elven Halls)

   [amulet of magic regeneration]

   It increases your rate of magic regeneration.
   rCorr:     It protects you from acid and corrosion.
   Stlth:     It makes you more stealthy.
 W - a +4 ring of protection (on tentacle)
   (You bought it in a shop on level 9 of the Dungeon)
 X - a +4 ring of protection
   (You found it on level 1 of the Lair of Beasts)
Wands
 C - a wand of charming (42)
   (You bought it in a shop on level 2 of the Dungeon)
 F - a wand of iceblast (65)
   (You took it off an orc on level 6 of the Dungeon)
 N - a wand of acid (13)
   (You took it off Maurice on level 8 of the Dungeon)
 S - a wand of mindburst (74)
   (You found it on level 9 of the Dungeon)
 Y - a wand of digging (7)
   (You found it on level 2 of the Lair of Beasts)
Scrolls
 b - 3 scrolls of summoning
 k - 3 scrolls of magic mapping
 s - 4 scrolls of poison
 t - 16 scrolls of teleportation
 x - 9 scrolls of vulnerability
 z - 5 scrolls of blinking
 D - 3 scrolls of fear
 G - 5 scrolls of immolation
 L - 7 scrolls of fog
Potions
 a - 3 potions of magic
 d - 4 potions of might
 e - 2 potions of invisibility
 h - 3 potions of haste
 l - 3 potions of enlightenment
 n - 4 potions of resistance
 q - 15 potions of curing
 v - 2 potions of brilliance
 w - 2 potions of heal wounds
 O - a potion of ambrosia
 P - 7 potions of lignification
 Q - 2 potions of cancellation
Miscellaneous
 g - a tin of tremorstones (2/2)
   (You found it on level 12 of the Dungeon)


   Skills:
 - Level 10.0 Fighting
 - Level 5.0 Short Blades
 - Level 14.0 Dodging
 - Level 8.0 Stealth
 - Level 14.0 Shields
 + Level 18.7 Spellcasting
 + Level 19.3 Conjurations
 - Level 17.0 Fire Magic
 - Level 12.6 Ice Magic
 - Level 20.6 Air Magic
 - Level 16.3 Invocations
 - Level 5.0 Evocations


You had 7 spell levels left.
You knew the following spells:

 Your Spells              Type           Power      Damage    Failure   Level
a - Shock                 Conj/Air       100%       1d9       0%          1
b - Static Discharge      Conj/Air       100%       2-7/arc   0%          2
c - Airstrike             Air            62%        2d(9-25)  0%          4
d - Plasma Beam           Fire/Air       69%        2x1d93    1%          6
e - Ozocubu's Refrigerat  Ice            63%        4d21      2%          7
f - Maxwell's Capacitive  Air            62%        ∞         1%          8
g - Starburst             Conj/Fire      68%        6d18      1%          6
h - Orb of Destruction    Conj           60%        9d15      1%          7
i - Chain Lightning       Conj/Air       58%        3d78      32%         9
r - Blink                 Tloc           86%        N/A       1%          2
w - Swiftness             Air            100%       N/A       0%          3

Your spell library contained the following spells:

 Spells                   Type           Power      Damage    Failure   Level
 Freeze                   Ice            100%       1d10      0%          1
 Frozen Ramparts          Ice            100%       1d16      0%          3
 Hailstorm                Conj/Ice       100%       3d20      0%          3
 Ozocubu's Armour         Ice            100%       N/A       0%          3
 Flame Wave               Conj/Fire      100%       2d21      0%          4
 Sticky Flame             Conj/Fire      100%       2d11      0%          4
 Arcjolt                  Conj/Air       58%        1d68      0%          5
 Iskenderun's Battlesphe  Conj           100%       2d15      0%          5
 Apportation              Tloc           86%        N/A       1%          1
 Necrotise                Necr           100%       1d9       1%          1
 Sandblast                Erth           86%        2d18      1%          1
 Slow                     Hex            100%       N/A       1%          1
 Sting                    Tmut/Pois      100%       1d8       1%          1
 Cigotuvi's Dreadful Rot  Necr/Pois/Air  100%       N/A       1%          2
 Ensorcelled Hibernation  Hex/Ice        100%       N/A       1%          2
 Lesser Beckoning         Tloc           86%        N/A       1%          2
 Momentum Strike          Conj/Tloc      100%       3d10      1%          2
 Passwall                 Tmut/Erth      17%        N/A       1%          2
 Poisonous Vapours        Pois/Air       100%       N/A       1%          2
 Sublimation of Blood     Necr           43%        N/A       1%          2
 Call Canine Familiar     Summ           43%        N/A       1%          3
 Confusing Touch          Hex            43%        N/A       1%          3
 Dazzling Flash           Conj/Hex       100%       N/A       1%          3
 Gell's Gravitas          Tloc           43%        N/A       1%          3
 Inner Flame              Hex/Fire       99%        N/A       1%          3
 Mephitic Cloud           Conj/Pois/Air  100%       N/A       1%          3
 Stone Arrow              Conj/Erth      100%       3d13      1%          3
 Teleport Other           Tloc           43%        N/A       1%          3
 Tukima's Dance           Hex            43%        N/A       1%          3
 Vampiric Draining        Necr           43%        2d9       1%          3
 Vhi's Electric Charge    Tloc/Air       100%       N/A       1%          3
 Volatile Blastmotes      Fire/Tloc      100%       2d18      1%          3
 Ice Form                 Ice/Tmut       88%        N/A       1%          4
 Iskenderun's Mystic Bla  Conj/Tloc      84%        2d17      1%          4
 Summon Ice Beast         Ice/Summ       88%        N/A       1%          4
 Summon Lightning Spire   Summ/Air       86%        N/A       1%          4
 Fireball                 Conj/Fire      68%        3d26      1%          5
 Freezing Cloud           Conj/Ice/Air   66%        6-21      1%          5
 Irradiate                Conj/Tmut      42%        3d25      1%          5
 Silence                  Hex/Air        43%        N/A       1%          5
 Conjure Ball Lightning   Conj/Air       58%        3x3d21    1%          6
 Metabolic Englaciation   Hex/Ice        44%        N/A       2%          5
 Portal Projectile        Hex/Tloc       42%        N/A       3%          3
 Summon Guardian Golem    Hex/Summ       21%        N/A       3%          3
 Iron Shot                Conj/Erth      42%        9d8       3%          6
 Animate Dead             Necr           43%        N/A       4%          4
 Cause Fear               Hex            21%        N/A       4%          4
 Dispel Undead            Necr           43%        3d17      4%          4
 Manifold Assault         Tloc           43%        N/A       4%          4
 Olgreb's Toxic Radiance  Pois           59%        N/A       4%          4
 Passage of Golubria      Tloc           43%        N/A       4%          4
 Leda's Liquefaction      Hex/Erth       10%        N/A       12%         4
 Petrify                  Tmut/Erth      21%        N/A       12%         4
 Agony                    Necr           43%        N/A       13%         5
 Lee's Rapid Deconstruct  Erth           21%        3d12*     13%         5
 Simulacrum               Ice/Necr       44%        N/A       14%         6
 Spellforged Servitor     Conj/Summ      42%        N/A       19%         7
 Alistair's Intoxication  Tmut/Pois      21%        N/A       32%         5
 Borgnjor's Vile Clutch   Necr/Erth      10%        N/A       32%         5
 Yara's Violent Unravell  Hex/Tmut       10%        3d6       32%         5
 Death Channel            Necr           21%        N/A       54%         6
 Dispersal                Tloc           21%        N/A       54%         6
 Eringya's Noxious Bog    Tmut/Pois      16%        N/A       86%         6
 Statue Form              Tmut/Erth      14%        N/A       86%         6
 Dragon Form              Tmut           21%        N/A       98%         7
 Haunt                    Necr/Summ      10%        N/A       100%        7
 Fire Storm               Conj/Fire      68%        8d17      54%         9
 Lehudib's Crystal Spear  Conj/Erth      42%        10d10     80%         8
 Polar Vortex             Ice            63%        N/A       92%         9
 Discord                  Hex            21%        N/A       100%        8
 Disjunction              Tloc           21%        N/A       100%        8
 Dragon's Call            Summ           21%        N/A       100%        9
 Shatter                  Erth           21%        3d19*     100%        9


Dungeon Overview and Level Annotations

Branches:
Dungeon (15/15)            Temple (0/1) D:6            Lair (5/5) D:8
  Swamp (4/4) Lair:3        Snake (4/4) Lair:2        Slime (5/5) Lair:5
    Orc (2/2) D:11            Elf (3/3) Orc:2        Vaults (5/5) D:14
  Crypt (0/3) Vaults:3     Depths (4/4) D:15            Zot (5/5) Depths:4
  IceCv (visited)         Gauntlet (visited)

Altars:
Ashenzari
Cheibriados
Dithmenos
Elyvilon
Gozag
Hepliaklqana
Kikubaaqudgha
Makhleb
Nemelex Xobeh
Okawaru
Qazlal
Ru
Sif Muna
Trog
Uskayaw
Vehumet
Zin
Jiyva

Shops:
D:2 *?[   D:9 =   D:10 (*(!   Orc:1 *   Orc:2 [(*[([   Elf:1 !   Elf:3 [
Snake:2 ::   Snake:4 :   Vaults:2 (   Vaults:3 [   Depths:3 :

Portals:
Hell: Depths:1 Depths:2 Depths:3 Depths:4
Abyss: Depths:3
Pandemonium: Depths:2 Depths:3
Ziggurat: Depths:4

Annotations:
D:2 exclusion: adder
D:3 exclusion: 2 downstairs
D:4 Blork the orc
D:13 2 transporters, Wulextidd's ghost, journeyman HOCA
Snake:1 1 runed translucent door, Ymoomn's ghost, adept MiBe
Slime:4 exclusion: downstairs
Elf:2 3 runed translucent doors
Vaults:4 exclusion: downstairs
Zot:1 exclusion: downstairs
Zot:3 exclusion: downstairs


Innate Abilities, Weirdness & Mutations

You cannot wear most types of armour.
You are amphibious.
You can wear up to eight rings at the same time.
Your skin changes colour to match your surroundings (Stealth+).
Your rubbery body absorbs attacks. (AC +1, EV +1)
((You are camouflaged when in or above water. (Stealth+)))
You have tentacles for arms and can constrict up to eight enemies at once.
You are partially covered in iridescent scales. (AC +2)
You are mostly covered in large bone plates. (SH +6)
You occasionally lose the ability to drink potions when taking damage.
You passively dampen the noise of your surroundings.


Message History

There is a stone staircase leading down here.
(D) Dungeon (T) Temple (L) Lair (S) Swamp (P) Snake Pit (M) Slime Pits (O) Orcish Mines (E) Elven Halls (V) Vaults (C) Crypt (U) Depths (H) Hell (Z) Zot
Where to? (Enter - D:1 @ (x,y), ? - help)
You sense a monster nearby.
Unknown command.
A Tzitzimitl comes into view.
The Tzitzimitl roars!
Casting: Plasma Beam (mildly dangerous; 1% risk of failure)
Confirm with . or Enter, or press ? or * to list all spells.
You feel a surge of power!
The bolt of lightning hits the Tzitzimitl!
The Tzitzimitl resists.
The Tzitzimitl is lightly wounded.
The fiery plasma misses the Tzitzimitl.
Casting: Plasma Beam (mildly dangerous; 1% risk of failure)
Confirm with . or Enter, or press ? or * to list all spells.
You feel a surge of power!
The bolt of lightning hits the Tzitzimitl!!
The Tzitzimitl resists.
The Tzitzimitl is moderately wounded.
The fiery plasma hits the Tzitzimitl.
The Tzitzimitl is moderately wounded.
Press: ? - help, v - describe, . - travel
Here: a Tzitzimitl (moderately wounded)
The floor.
Unknown command.
Unknown command.
The Tzitzimitl calls on the powers of darkness!
Your body is wracked with pain!
Unknown command.
Blink to where?
Press: ? - help, Dir - move target
As you read the scroll of blinking, it crumbles to dust.
The Tzitzimitl gestures at you. The bolt of negative energy misses you.
You fly upwards.
There is a stone staircase leading down here.
You feel much better.
You feel much better.
(D) Dungeon (T) Temple (L) Lair (S) Swamp (P) Snake Pit (M) Slime Pits (O) Orcish Mines (E) Elven Halls (V) Vaults (C) Crypt (U) Depths (H) Hell (Z) Zot
Where to? (Enter - D:1 @ (x,y), ? - help)
What level of the Dungeon? (default 1, ? - help)
There is a stone staircase leading up here.
You fly upwards.
There is a stone staircase leading down here.
A balrug comes into view.
It is wielding a +1 demon whip of freezing.
There is a stone staircase leading up here.
You fly upwards.
Level annotation: Blork the orc
There is a stone staircase leading down here.
(D) Dungeon (T) Temple (L) Lair (S) Swamp (P) Snake Pit (M) Slime Pits (O) Orcish Mines (E) Elven Halls (V) Vaults (C) Crypt (U) Depths (H) Hell (Z) Zot
Where to? (Enter - D:1 @ (x,y), ? - help)
You see here a +0 short sword.
HP restored.
Things that are here:
a +0 dagger; a +0 orcbow A Hell Sentinel comes into view.
You see here a +0 flail.
You see here a +0 falchion.
There is a stone staircase leading up here.
You fly upwards.
Level annotation: exclusion: 2 downstairs
There is a stone staircase leading down here.
(D) Dungeon (T) Temple (L) Lair (S) Swamp (P) Snake Pit (M) Slime Pits (O) Orcish Mines (E) Elven Halls (V) Vaults (C) Crypt (U) Depths (H) Hell (Z) Zot
Where to? (Enter - D:1 @ (x,y), ? - help) Magic restored.
There is a stone staircase leading up here.
You fly upwards.
Level annotation: exclusion: adder
There is a stone staircase leading down here.
There is a stone staircase leading up here.
You fly upwards.
There is a stone staircase leading down here.
A daeva comes into view.
It is wielding a +4 scimitar of holy wrath.
The daeva moves out of view.
The daeva calls down the wrath of the Shining One upon you.
The Shining One smites you!
The daeva calls down the wrath of the Shining One upon you.
The Shining One smites you!
The daeva calls down the wrath of the Shining One upon you.
The Shining One smites you!
The daeva calls down the wrath of the Shining One upon you.
The Shining One smites you!
There is a staircase leading out of the dungeon here.
Enter note: gg The daeva calls down the wrath of the Shining One upon you.
The Shining One smites you!
You have escaped!

.......#####∩.....#############.#
.......+..^#∩A....# #.....# #.#
.......#.###∩.....###.....# #.#
...#......[##.....∩##.....#####.#
####.....#..#.....###.....'......
...#.....#..##...## #.....######.
.#.#)....#..##...# #.##### #.
##.#.....##.###..# #.# #.
.#.#.....+..# ##@# #.# #.
.#.......#### ### #.# #.
.####################.###########
.................................
#####################.###########
..###### #.# # #......# #.# #
######.# #.# #.# #.#


You could see a daeva.

Vanquished Creatures
  the Royal Jelly (Slime:5)
  Tiamat (Zot:4)
  5 ancient liches
  9 orbs of fire
  5 Killer Klowns (Zot:5)
  the Lernaean hydra (Swamp:4)
  Vashnia (Snake:3)
  2 curse toes
  Nikola (Depths:1)
  10 golden dragons
  A Brimstone Fiend (D:15)
  3 doom hounds (Zot:1)
  3 electric golems
  Asterion (Depths:1)
  A Hell Sentinel (Zot:5)
  Jorgrun (Swamp:3)
  5 liches
  19 tentacled monstrosities
  3 deep elf blademasters (Elf:3)
  Grunn (Zot:1)
  26 Orb Guardians
  10 acid blobs
  5 quicksilver dragons
  2 deep elf master archers (Elf:3)
  8 death cobs
  5 sphinxes
  2 tengu reavers
  11 storm dragons
  4 shadow dragons
  10 draconian monks
  7 azure jellies
  6 rockslimes
  9 draconian knights
  4 fire giants
  Donald (Vaults:1)
  2 balrugs
  A daeva (Zot:1)
  4 frost giants
  2 deep elf sorcerers (Elf:2)
  Louise (Depths:3)
  11 nagarajas
  6 vault wardens
  2 iron dragons
  9 draconian scorchers
  2 orc warlords
  3 spriggan defenders (Depths:2)
  A ghost moth (Zot:4)
  2 draconian shifters
  14 ironbound preservers
  A war gargoyle (Vaults:4)
  17 very ugly things
  11 quicksilver oozes
  4 draconian stormcallers
  12 stone giants
  10 draconian annihilators
  A deep elf elementalist (Elf:3)
  5 ironbound thunderhulks
  2 vampire knights
  18 green draconians
  6 deep elf demonologists (Elf:3)
  A minotaur (Depths:3)
  3 deep elf annihilators (Elf:3)
  An eleionoma (Swamp:2)
  9 dire elephants
  23 black draconians
  18 purple draconians
  8 bunyips
  14 red draconians
  16 yellow draconians
  20 white draconians
  5 spark wasps (Depths:4)
  11 formless jellyfish
  Josephine (D:11)
  2 shambling mangroves (Swamp:4)
  An entropy weaver (Vaults:1)
  8 ettins
  6 deep elf death magi (Elf:3)
  2 deep elf high priests (Elf:3)
  12 yaktaur captains
  6 great orbs of eyes
  4 fire dragons
  3 ice dragons
  5 spriggan air magi
  7 vault guards
  15 centaur warriors
  2 ghost crabs
  2 salamander tyrants
  26 hydras
  10 anacondas
  A peacekeeper (Vaults:4)
  4 rakshasas
  3 boulder beetles
  3 ogre magi
  10 ironbound frosthearts
  12 alligators
  9 deep troll shamans
  8 death yaks
  3 two-headed ogres
  6 deep troll earth magi
  5 tengu warriors
  24 naga warriors
  2 spriggan berserkers (Depths:2)
  2 vampire magi
  19 dancing weapons
  14 hell knights
  7 shock serpents
  3 sun demons
  18 naga sharpshooters
  11 deep elf knights
  A soul eater (D:14)
  Nergalle (D:12)
  2 skysharks
  6 iron trolls
  A storm dragon zombie (Depths:2)
  A death drake (Swamp:4)
  4 salamander mystics
  41 deep trolls
  A skeletal warrior (D:13)
  A shadow demon (D:15)
  5 glowing orange brains
  3 bog bodies
  4 spriggan druids
  14 swamp dragons
  2 goliath frogs
  A flayed ghost (Depths:4)
  10 deep elf archers
  3 spriggan simulacra (Swamp:4)
  7 naga ritualists
  14 necromancers
  10 ironbound convokers
  2 lindwurms (Lair:5)
  6 orc knights
  5 mana vipers
  An orange crystal statue (IceCv)
  5 wizards
  Pikel (D:6)
  A wolf spider (Depths:3)
  23 deep elf pyromancers
  17 deep elf zephyrmancers
  25 ugly things
  10 salamanders
  3 shining eyes
  3 will-o-the-wisps
  A tengu skeleton (Vaults:2)
  7 cyclopes
  3 manticores
  A sphinx skeleton (Depths:2)
  30 moths of wrath
  3 orc sorcerers
  A stone giant skeleton (Vaults:2)
  35 black mambas
  12 vault sentinels
  Maurice (D:8)
  A black mamba (shapeshifter) (D:14)
  2 centaur skeletons (D:15)
  25 naga magi
  6 guardian serpents
  A smoke demon (Depths:4)
  20 cane toads
  An orange demon (Depths:4)
  5 elephants
  5 storm dragon simulacra (IceCv)
  An eye of devastation (D:13)
  A gargoyle (D:12)
  7 komodo dragons
  3 rime drakes (Lair:5)
  An ice devil (D:11)
  33 yaktaurs
  2 tengu conjurers
  2 freezing wraiths
  4 golden dragon simulacra (IceCv)
  3 trolls
  6 polar bears
  9 hornets
  3 bloated husks
  A tengu simulacrum (Depths:2)
  8 tyrant leeches
  A yaktaur skeleton (Vaults:2)
  8 blink frogs
  2 meliai zombies (D:15)
  9 dream sheep
  A jumping spider (shapeshifter) (Elf:1)
  A ynoxinul (Depths:4)
  12 flying skulls (Zot:3)
  70 slime creatures
  3 shadows
  6 spriggans
  3 centaur simulacra
  3 vampires
  6 water elementals
  5 wraiths
  32 yaks
  4 air elementals
  3 wyverns
  4 basilisks
  A chaos spawn (Depths:4)
  3 fire elementals
  3 minotaur simulacra (Swamp:4)
  A hog (shapeshifter) (D:13)
  A human (D:13)
  2 golden eyes
  5 steam dragons
  3 redbacks (Vaults:1)
  20 vampire mosquitoes
  Menkaure (D:6)
  18 swamp worms
  A human zombie (Vaults:2)
  2 wargs
  48 nagas
  12 water moccasins
  A harpy simulacrum (Swamp:4)
  An acid dragon (shapeshifter) (D:12)
  3 acid dragons
  A floating eye (Gauntlet)
  An ogre skeleton (Vaults:2)
  35 orc warriors
  11 swamp drakes
  A sky beast (D:8)
  A black bear (D:7)
  5 ice beasts
  6 ice dragon simulacra
  9 centaurs
  A wolf (Lair:5)
  10 boggarts
  6 ogres
  2 lemures (D:6)
  A kobold brigand (D:8)
  8 bullfrogs
  3 scorpions
  An earth elemental (Elf:3)
  2 gnoll sergeants
  A deep troll simulacrum (Swamp:4)
  9 wights (D:8)
  7 lindwurm simulacra (IceCv)
  10 killer bees
  An electric eel (D:12)
  16 orc priests
  A gnoll bouda (D:8)
  6 hounds
  3 jellies
  Ijyb (D:4)
  4 iguanas
  Natasha (thrice) (D:3)
  29 orc wizards
  15 gnolls
  8 adders
  A shadow imp (D:8)
  2 white imps
  An ufetubus (D:6)
  A worm (D:4)
  A dart slug (D:1)
  70 orcs
  7 ball pythons
  5 bats
  10 endoplasms
  2 giant cockroaches (D:1)
  6 goblins
  7 hobgoblins
  7 jackals
  4 quokkas
  5 frilled lizards
  11 kobolds
  8 rats
  A spectral kobold (D:8)
1880 creatures vanquished.

Vanquished Creatures (collateral kills)
  the Enchantress (Depths:2)
  A pandemonium lord (Depths:4)
  A lich (Depths:4)
  A deep elf blademaster (Elf:3)
  A death cob (Zot:2)
  5 acid blobs (Slime:5)
  A rockslime (Slime:5)
  2 quicksilver oozes (Slime:5)
  A minotaur (Gauntlet)
  A formless jellyfish (Slime:5)
  A purple draconian (Zot:2)
  3 dancing weapons (Elf:1)
  2 death knights (Vaults:3)
  A naga ritualist (Snake:3)
  An ugly thing (D:15)
  A mana viper (Snake:3)
  A shining eye (Slime:5)
  Grinder (D:4)
  A spriggan (Depths:2)
  Pargi (D:4)
  An orc priest (D:6)
  An orc (D:4)
  A hobgoblin (D:4)
31 creatures vanquished.

Vanquished Creatures (others)
  A quicksilver dragon (Zot:2)
  A deep elf knight (Elf:2)
  An air elemental (Elf:1)
  A neqoxec (D:1)
4 creatures vanquished.

Grand Total: 1915 creatures vanquished

Notes
Turn   | Place    | Note
-------+----------+-------------------------------------------
     0 | D:1      | Flugkiller the Octopode Air Elementalist began the quest
                  | for the Orb.
     0 | D:1      | Reached XP level 1. HP: 11/11 MP: 3/3
   215 | D:1      | Reached XP level 2. HP: 17/17 MP: 0/5
   218 | D:1      | Learned a level 2 spell: Static Discharge
  1021 | D:1      | Reached XP level 3. HP: 21/21 MP: 4/7
  1590 | D:2      | Found Gyskuz's Magic Scroll Boutique.
  1605 | D:2      | Learned a level 3 spell: Swiftness
  1667 | D:2      | Found a sparkling altar of Nemelex Xobeh.
  1684 | D:2      | Became a worshipper of Nemelex Xobeh the Trickster
  1828 | D:2      | Found Raveajaph's Assorted Antiques.
  1869 | D:2      | Bought a blackened iron wand for 80 gold pieces
  2027 | D:2      | Found Tops's Armour Shop.
  2198 | D:2      | Found a faded altar of an unknown god.
  2780 | D:3      | Reached skill level 4 in Air Magic
  2811 | D:3      | Reached XP level 4. HP: 27/27 MP: 3/8
  2914 | D:3      | Reached * piety under Nemelex Xobeh
  3209 | D:3      | Noticed Natasha
  3213 | D:3      | Reached skill level 1 in Fighting
  3234 | D:3      | Killed Natasha
  3235 | D:3      | Reached XP level 5. HP: 33/33 MP: 0/10
  3302 | D:3      | Noticed Natasha
  3307 | D:3      | Killed Natasha
  3320 | D:3      | Noticed Natasha
  3331 | D:3      | Killed Natasha
  3411 | D:3      | Learned a level 4 spell: Airstrike
  3599 | D:4      | Noticed Ijyb
  3825 | D:4      | Noticed Pargi
  3999 | D:4      | Received a gift from Nemelex Xobeh
  4076 | D:4      | Reached XP level 6. HP: 38/38 MP: 2/12
  4088 | D:4      | Killed Pargi
  4089 | D:4      | Reached skill level 5 in Air Magic
  4089 | D:4      | Reached skill level 1 in Invocations
  4247 | D:4      | Noticed Blork the orc
  4342 | D:4      | Found a white marble altar of Elyvilon.
  4366 | D:4      | Killed Ijyb
  4459 | D:4      | Reached XP level 7. HP: 27/43 MP: 5/13
  4677 | D:4      | Noticed Grinder
  4686 | D:4      | Killed Grinder
  4687 | D:4      | Reached skill level 5 in Spellcasting
  4687 | D:4      | Reached skill level 6 in Air Magic
  4824 | D:4      | Found a radiant altar of Vehumet.
  5013 | D:5      | Entered Level 5 of the Dungeon
  5211 | D:5      | Reached skill level 7 in Air Magic
  5211 | D:5      | Reached XP level 8. HP: 48/48 MP: 10/15
  5502 | D:5      | Reached ** piety under Nemelex Xobeh
  6340 | D:6      | Found a staircase to the Ecumenical Temple.
  6796 | D:6      | Noticed Menkaure
  6862 | D:6      | Noticed Pikel
  7084 | D:6      | Reached skill level 5 in Invocations
  7329 | D:6      | Killed Menkaure
  7330 | D:6      | Reached XP level 9. HP: 53/53 MP: 5/17
  7452 | D:6      | Killed Pikel
  7453 | D:6      | Reached skill level 5 in Dodging
  7453 | D:6      | Reached skill level 8 in Air Magic
  7512 | D:6      | Reached skill level 1 in Evocations
  8823 | D:7      | Found a glowing silver altar of Zin.
  8869 | D:7      | Found a shadowy altar of Dithmenos.
  8869 | D:7      | Found a burning altar of Makhleb.
  8869 | D:7      | Found a snail-covered altar of Cheibriados.
  8873 | D:7      | Found an opulent altar of Gozag.
  8881 | D:7      | Found a shimmering blue altar of Sif Muna.
  8886 | D:7      | Found a sacrificial altar of Ru.
  8888 | D:7      | Found a broken altar of Ashenzari.
  8889 | D:7      | Found an ancient bone altar of Kikubaaqudgha.
  9630 | D:8      | Reached XP level 10. HP: 35/60 MP: 11/21
  9739 | D:8      | Found a staircase to the Lair.
  9756 | D:8      | Reached skill level 5 in Stealth
 10248 | D:8      | Received a gift from Nemelex Xobeh
 10264 | D:8      | Noticed Maurice
 10275 | D:8      | Killed Maurice
 10955 | D:8      | Found a sparkling altar of Nemelex Xobeh.
 11080 | D:8      | Reached *** piety under Nemelex Xobeh
 11309 | D:8      | Found a hazy altar of Hepliaklqana.
 11746 | D:9      | Found Xeera's Jewellery Shop.
 11752 | D:9      | Received a gift from Nemelex Xobeh
 12748 | D:10     | Entered Level 10 of the Dungeon
 12888 | D:9      | Gained mutation: You sometimes lose your temper in combat.
                  | [potion of mutation]
 12888 | D:9      | Gained mutation: You are clumsy. (Dex -2) [potion of
                  | mutation]
 12888 | D:9      | Gained mutation: One of your tentacles bears a spike.
                  | [potion of mutation]
 12889 | D:9      | Lost mutation: You are clumsy. (Dex -2) [potion of
                  | mutation]
 12889 | D:9      | Lost mutation: You sometimes lose your temper in combat.
                  | [potion of mutation]
 12889 | D:9      | Gained mutation: Your magical capacity is low. (-10% MP)
                  | [potion of mutation]
 12889 | D:9      | Gained mutation: You are weak. (Str -2) [potion of
                  | mutation]
 12889 | D:9      | Gained mutation: You are frail. (-10% HP) [potion of
                  | mutation]
 13190 | D:10     | Found Nyusoh's Antique Weapon Emporium.
 13369 | D:10     | Reached XP level 11. HP: 62/62 MP: 11/20
 13496 | D:10     | Found Agia's Weapon Emporium.
 13729 | D:10     | Received a gift from Nemelex Xobeh
 13927 | D:10     | Noticed a two-headed ogre
 13960 | D:10     | Killed a two-headed ogre
 14161 | D:10     | Reached skill level 9 in Air Magic
 14372 | D:10     | Found Hecwox's Distillery.
 14372 | D:10     | Found Jurisug's Assorted Antiques.
 14396 | D:10     | Bought a scroll labelled NAX HINNIESK for 27 gold pieces
 14396 | D:10     | Bought an opal ring for 135 gold pieces
 14411 | D:10     | Lost mutation: Your magical capacity is low. (-10% MP)
                  | [potion of mutation]
 14411 | D:10     | Lost mutation: One of your tentacles bears a spike. [potion
                  | of mutation]
 14411 | D:10     | Gained mutation: You are clumsy. (Dex -2) [potion of
                  | mutation]
 14663 | D:10     | Found an iron altar of Okawaru.
 14732 | D:11     | Noticed Josephine
 14754 | D:11     | Noticed a manticore
 14759 | D:11     | Killed a manticore
 14908 | D:11     | Killed Josephine
 14998 | D:11     | Reached **** piety under Nemelex Xobeh
 15485 | D:11     | Noticed a centaur warrior
 15498 | D:11     | Killed a centaur warrior
 15668 | D:11     | Reached skill level 10 in Air Magic
 15751 | D:11     | Received a gift from Nemelex Xobeh
 15960 | D:11     | Found a staircase to the Orcish Mines.
 16486 | Lair:1   | Entered Level 1 of the Lair of Beasts
 16603 | Lair:1   | Reached skill level 10 in Spellcasting
 16866 | Lair:1   | Received a gift from Nemelex Xobeh
 17587 | D:9      | Bought a +4 ring of protection for 468 gold pieces
 17906 | Lair:2   | Received a gift from Nemelex Xobeh
 18162 | Lair:2   | Reached XP level 12. HP: 66/66 MP: 14/26
 18474 | Lair:2   | Found a staircase to the Snake Pit.
 18824 | Lair:2   | Received a gift from Nemelex Xobeh
 19729 | Lair:2   | Found a staircase to the Snake Pit.
 19993 | Lair:3   | Reached skill level 10 in Dodging
 20895 | Lair:3   | Received a gift from Nemelex Xobeh
 21218 | Lair:3   | Noticed a death yak
 21220 | Lair:3   | Noticed a death yak
 21421 | Lair:3   | Noticed an eight-headed hydra
 21496 | Lair:3   | Killed an eight-headed hydra
 21497 | Lair:3   | Reached skill level 1 in Shields
 21514 | Lair:3   | Noticed an eight-headed hydra
 21523 | Lair:3   | Killed an eight-headed hydra
 21524 | Lair:3   | Reached skill level 5 in Fighting
 21717 | Lair:3   | Found a staircase to the Swamp.
 21823 | Lair:3   | Noticed a death yak
 21824 | Lair:3   | Noticed a death yak
 21824 | Lair:3   | Noticed a death yak
 21848 | Lair:3   | Killed a death yak
 22117 | Lair:2   | Killed a death yak
 22297 | Lair:2   | Killed a death yak
 22377 | Lair:3   | Killed a death yak
 22378 | Lair:3   | Reached XP level 13. HP: 42/74 MP: 12/27
 23649 | Lair:4   | Reached ***** piety under Nemelex Xobeh
 23856 | Lair:4   | Received a gift from Nemelex Xobeh
 23901 | Lair:4   | Reached skill level 5 in Evocations
 24234 | Lair:4   | Reached skill level 10 in Invocations
 24551 | Lair:5   | Entered Level 5 of the Lair of Beasts
 24951 | Lair:5   | Found a shimmering blue altar of Sif Muna.
 25397 | D:10     | Bought an ancient longbow for 310 gold pieces
 25397 | D:10     | Identified the +7 longbow of Meanuemp {heavy, rN+ rCorr}
                  | (You bought it in a shop on level 10 of the Dungeon)
 26275 | Lair:5   | Found a staircase to the Slime Pits.
 26329 | Lair:5   | Found a viscous altar of Jiyva.
 26419 | Lair:5   | Reached skill level 1 in Short Blades
 26675 | Lair:4   | Reached skill level 1 in Ice Magic
 27177 | Lair:5   | Reached skill level 5 in Shields
 27786 | Lair:5   | Reached XP level 14. HP: 81/81 MP: 21/28
 29585 | D:12     | Received a gift from Nemelex Xobeh
 29623 | D:12     | Reached skill level 5 in Short Blades
 29769 | D:12     | Noticed Nergalle
 29782 | D:12     | Killed Nergalle
 29796 | D:12     | Received a gift from Nemelex Xobeh
 29821 | D:12     | Reached skill level 5 in Ice Magic
 31222 | D:12     | Noticed a storm dragon
 31228 | D:12     | Killed a storm dragon
 31400 | D:12     | Identified the ring of the Marlin {rF+ rCorr Int+6 Dex+4}
 31614 | D:12     | Found a hide-covered altar of Uskayaw.
 31616 | D:12     | You fall into a shaft and drop 3 floors!
 31616 | D:15     | Entered Level 15 of the Dungeon
 31686 | D:15     | Found a gate leading to a gauntlet.
 31693 | D:15     | Reached skill level 1 in Fire Magic
 31700 | Gauntlet | Entered a Gauntlet
 31700 | Gauntlet | Found a transporter.
 31700 | Gauntlet | Found a transporter.
 31716 | Gauntlet | Found a transporter.
 31720 | Gauntlet | Found a transporter.
 31734 | Gauntlet | Found a transporter.
 31735 | Gauntlet | Found a transporter.
 31736 | Gauntlet | Found a large runed translucent door.
 31737 | Gauntlet | Found a large runed translucent door.
 31738 | Gauntlet | Found a large runed translucent door.
 31738 | Gauntlet | Found a large runed translucent door.
 31738 | Gauntlet | Found a runed translucent door.
 31738 | Gauntlet | Found a runed translucent door.
 31739 | Gauntlet | Found a large runed translucent door.
 31740 | Gauntlet | Found a large runed translucent door.
 31741 | Gauntlet | Found a large runed translucent door.
 31741 | Gauntlet | Found a large runed translucent door.
 31742 | Gauntlet | Found a runed translucent gate.
 31742 | Gauntlet | Found a runed translucent gate.
 31742 | Gauntlet | Found a runed translucent gate.
 31744 | Gauntlet | Found a transporter.
 31753 | Gauntlet | Found a large runed translucent door.
 31753 | Gauntlet | Found a large runed translucent door.
 31754 | Gauntlet | Found a large runed translucent door.
 31755 | Gauntlet | Found a large runed translucent door.
 31765 | Gauntlet | Found a large runed translucent door.
 31765 | Gauntlet | Found a large runed translucent door.
 31766 | Gauntlet | Found a large runed translucent door.
 31767 | Gauntlet | Found a large runed translucent door.
 31787 | Gauntlet | Found a transporter.
 31787 | Gauntlet | Found a transporter.
 31831 | Gauntlet | Received a gift from Nemelex Xobeh
 31831 | Gauntlet | Found a transporter.
 31835 | Gauntlet | Found a transporter.
 31845 | Gauntlet | Found a transporter.
 31930 | Gauntlet | Lost mutation: You are weak. (Str -2) [potion of mutation]
 31930 | Gauntlet | Lost mutation: You are frail. (-10% HP) [potion of
                  | mutation]
 31930 | Gauntlet | Lost mutation: You are clumsy. (Dex -2) [potion of
                  | mutation]
 31930 | Gauntlet | Gained mutation: You are robust. (+10% HP) [potion of
                  | mutation]
 31930 | Gauntlet | Lost mutation: You are robust. (+10% HP) [potion of
                  | mutation]
 31930 | Gauntlet | Gained mutation: You are covered in fur. (AC +1) [potion of
                  | mutation]
 31930 | Gauntlet | Gained mutation: You are strong-willed. (Will+) [potion of
                  | mutation]
 32000 | Gauntlet | Identified the amulet "Sonn" {Faith Rampage rN+}
 32336 | Gauntlet | Found the +4 skin of Zhor {*Englaciate rC+++ SInv}
 32553 | D:14     | Identified the +6 spear of Cruel Justice {speed, rC+ rCorr
                  | Str+3}
 33180 | D:13     | Received a gift from Nemelex Xobeh
 33383 | D:13     | Found a transporter.
 33384 | D:13     | Noticed Wulextidd's ghost (journeyman HOCA)
 33608 | D:13     | Found a transporter.
 33727 | D:13     | Received a gift from Nemelex Xobeh
 33979 | D:13     | Reached XP level 15. HP: 94/94 MP: 25/29
 34105 | D:13     | Reached skill level 5 in Fire Magic
 35307 | D:14     | Received a gift from Nemelex Xobeh
 35739 | D:14     | Reached skill level 10 in Ice Magic
 36048 | D:14     | Found a gate to the Vaults.
 37703 | D:15     | Found a staircase to the Depths.
 37922 | Orc:1    | Entered Level 1 of the Orcish Mines
 37923 | Orc:1    | Found Oraitebo's General Store.
 37958 | Orc:1    | Found a bloodstained altar of Trog.
 38260 | Orc:2    | Entered Level 2 of the Orcish Mines
 38261 | Orc:2    | Found Niuka's Distillery.
 38540 | Orc:2    | Found Zebbo's Antique Armour Shop.
 38739 | Orc:2    | Found Hury's Antique Armour Emporium.
 38855 | Orc:2    | Received a gift from Nemelex Xobeh
 38950 | Orc:2    | Found Ofeweps's Weapon Shoppe.
 38955 | Orc:2    | Found a staircase to the Elven Halls.
 39187 | Orc:2    | Found Ciptulet's General Store.
 39360 | Orc:2    | Reached ****** piety under Nemelex Xobeh
 39922 | Orc:2    | Noticed an orc warlord
 40054 | Orc:2    | Found Yqurphu's Antique Weapon Shoppe.
 40071 | Orc:2    | Killed an orc warlord
 40203 | Orc:2    | Found Laonel's Antique Armour Emporium.
 40418 | Snake:1  | Entered Level 1 of the Snake Pit
 40439 | Snake:1  | Reached XP level 16. HP: 58/99 MP: 20/30
 41216 | Snake:1  | Reached skill level 10 in Fire Magic
 41621 | Snake:1  | Received a gift from Nemelex Xobeh
 41711 | Snake:1  | Learned a level 6 spell: Plasma Beam
 41719 | Snake:1  | Learned a level 7 spell: Ozocubu's Refrigeration
 41723 | Snake:1  | Noticed Ymoomn's ghost (adept MiBe)
 41726 | Snake:1  | Found a runed translucent door.
 41892 | Snake:1  | Received a gift from Nemelex Xobeh
 42098 | Snake:1  | Received a gift from Nemelex Xobeh
 43095 | Snake:2  | Identified the +5 hand axe of the Hurtling Oracle {freeze,
                  | *Corrode MP+9 Int-5 SInv}
 43097 | Snake:2  | Noticed a nagaraja
 43108 | Snake:2  | Killed a nagaraja
 43428 | Snake:2  | Found Vepukh's Tiny Tomes.
 43440 | Snake:2  | Found Huotugui's Book Shoppe.
 43589 | Snake:2  | Noticed a nagaraja
 43609 | Snake:2  | Killed a nagaraja
 43754 | Snake:2  | Identified 3 scrolls of acquirement
 43762 | Snake:2  | Acquired a staff of air
 43764 | Snake:2  | Acquired 1039 gold pieces
 44057 | Snake:2  | Received a gift from Nemelex Xobeh
 44527 | Snake:2  | Reached skill level 11 in Air Magic
 45195 | Snake:2  | Noticed a nagaraja
 45201 | Snake:2  | Killed a nagaraja
 46205 | Snake:3  | Received a gift from Nemelex Xobeh
 47316 | Snake:3  | Received a gift from Nemelex Xobeh
 47416 | Snake:3  | Reached skill level 12 in Air Magic
 47810 | Snake:3  | Noticed a nagaraja
 47818 | Snake:3  | Killed a nagaraja
 48122 | Snake:3  | Noticed Vashnia
 48161 | Snake:3  | Killed Vashnia
 48162 | Snake:3  | Reached XP level 17. HP: 105/105 MP: 2/31
 49373 | Snake:3  | Reached skill level 13 in Air Magic
 49936 | Snake:4  | Entered Level 4 of the Snake Pit
 50579 | Snake:4  | Found Rutixt Wile's Book Emporium.
 51964 | Snake:4  | Reached skill level 14 in Air Magic
 52824 | Snake:4  | Received a gift from Nemelex Xobeh
 53282 | Snake:4  | Reached XP level 18. HP: 78/110 MP: 7/32
 53522 | Snake:4  | Got a serpentine rune of Zot
 53719 | Swamp:1  | Entered Level 1 of the Swamp
 53968 | Swamp:1  | Received a gift from Nemelex Xobeh
 54606 | Swamp:2  | Reached skill level 15 in Fire Magic
 54607 | Swamp:2  | Reached skill level 15 in Air Magic
 55499 | Swamp:2  | Received a gift from Nemelex Xobeh
 56258 | Swamp:3  | Noticed Jorgrun
 56263 | Swamp:3  | Killed Jorgrun
 56741 | Swamp:3  | Received a gift from Nemelex Xobeh
 56901 | Swamp:4  | Entered Level 4 of the Swamp
 57358 | Swamp:4  | Found a frozen archway.
 57486 | IceCv    | Entered an ice cave
 57489 | IceCv    | Reached skill level 16 in Air Magic
 59082 | IceCv    | Identified the ring "Kuumoit" {*Slow rElec rF+ SInv}
 59655 | Swamp:4  | Received a gift from Nemelex Xobeh
 59977 | Swamp:4  | Received a gift from Nemelex Xobeh
 60149 | Swamp:4  | Noticed the 27-headed Lernaean hydra
 60151 | Swamp:4  | Killed the 27-headed Lernaean hydra
 60152 | Swamp:4  | Reached XP level 19. HP: 116/116 MP: 20/33
 60801 | Swamp:4  | Got a decaying rune of Zot
 61068 | Elf:1    | Entered Level 1 of the Elven Halls
 61281 | Elf:1    | Reached skill level 17 in Air Magic
 61885 | Snake:2  | Bought a book of Fixed Theme for 252 gold pieces
 61899 | Snake:2  | Learned a level 8 spell: Maxwell's Capacitive Coupling
 61915 | Snake:1  | Received a gift from Nemelex Xobeh
 61932 | Snake:2  | Acquired the ring "Imittu Acun" {Wiz Fly}
 62622 | Elf:1    | Paralysed by an air elemental for 1 turns
 62624 | Elf:1    | Paralysed by an air elemental for 1 turns
 62794 | Elf:1    | Found Isuenu Iruo's Distillery.
 62799 | Elf:1    | Bought a potion of heal wounds for 85 gold pieces
 62799 | Elf:1    | Bought a potion of heal wounds for 85 gold pieces
 62799 | Elf:1    | Bought 2 potions of magic for 272 gold pieces
 62799 | Elf:1    | Bought a potion of brilliance for 68 gold pieces
 63347 | Elf:1    | Received a gift from Nemelex Xobeh
 65293 | Elf:2    | Found a runed translucent gate.
 65293 | Elf:2    | Found a runed translucent gate.
 65304 | Elf:2    | Found a runed translucent gate.
 65393 | Elf:2    | Received a gift from Nemelex Xobeh
 65430 | Elf:3    | Entered Level 3 of the Elven Halls
 65436 | Elf:3    | Found Wusuj's Antique Armour Emporium.
 65736 | Elf:3    | Noticed a Brimstone Fiend
 66154 | Elf:3    | Paralysed by an air elemental for 1 turns
 66371 | Elf:3    | Got the Incunable of Vile Companions
 66746 | Elf:3    | Reached skill level 10 in Shields
 66989 | Elf:3    | Found Wusuj's Antique Armour Emporium.
 67184 | Elf:3    | Identified the +12 war axe of Ignis's Condemnation {flame,
                  | Will+ Int+2}
 67184 | Elf:3    | Found the ring of the Octopus King {rN+ HP+2 AC+2 EV+2
                  | SH+2}
 67198 | Elf:3    | Reached XP level 20. HP: 121/121 MP: 13/35
 67409 | Elf:3    | Identified the amulet "Puehotec" {RegenMP rCorr Stlth+}
 68267 | Elf:3    | Identified the +1 leather armour "Ciple" {rElec Int+4}
 68611 | Elf:3    | Identified the ring "Deuschat" {rF+ Dex+3}
 68645 | Elf:3    | Identified the staff of air "Mohowiti" {Drain +Blink Fly
                  | rElec}
 68651 | Elf:3    | Identified the staff of poison "Irphi Oxo" {rElec rPois
                  | Int+9}
 68654 | Elf:3    | Identified the staff of earth "Dina" {Drain Str+2 Stlth+}
 68663 | Elf:3    | Identified the staff of fire "Howetou" {rPois rF+ Will-
                  | rCorr Int+4}
 68665 | Elf:3    | Identified the staff of earth "Teuko" {Dex+3 SInv}
 69032 | Vaults:1 | Entered Level 1 of the Vaults
 69242 | Vaults:1 | You are sucked into a shaft and drop 1 floor!
 69242 | Vaults:2 | Received a gift from Nemelex Xobeh
 69271 | Vaults:2 | Reached skill level 18 in Air Magic
 70311 | Vaults:2 | Received a gift from Nemelex Xobeh
 70402 | Vaults:1 | Received a gift from Nemelex Xobeh
 70407 | Vaults:1 | Noticed Donald
 70559 | Vaults:1 | Killed Donald
 70907 | Vaults:1 | Identified the +5 ring mail "Jarruiry" {rElec Dex+3}
 71454 | Vaults:1 | Received a gift from Nemelex Xobeh
 71997 | Vaults:2 | Received a gift from Nemelex Xobeh
 72237 | Vaults:2 | Identified the staff of poison "Dulopus" {rPois rN+ Str-2
                  | Dex+6}
 72453 | Vaults:2 | Found Kidduf's Antique Weapon Shop.
 73051 | Vaults:3 | Received a gift from Nemelex Xobeh
 73275 | Vaults:3 | Found Wipn's Armour Boutique.
 73344 | Vaults:3 | Reached XP level 21. HP: 126/126 MP: 33/37
 73944 | Vaults:3 | Received a gift from Nemelex Xobeh
 74296 | Vaults:3 | Found a staircase to the Crypt.
 74571 | Vaults:4 | Received a gift from Nemelex Xobeh
 74714 | Vaults:4 | Reached skill level 19 in Air Magic
 75722 | Vaults:4 | Received a gift from Nemelex Xobeh
 76570 | Vaults:5 | Entered Level 5 of the Vaults
 76756 | Depths:1 | Entered Level 1 of the Depths
 77170 | Depths:1 | Noticed Asterion
 77174 | Depths:1 | Reached skill level 20 in Air Magic
 77174 | Depths:1 | Killed Asterion
 77520 | Depths:1 | Received a gift from Nemelex Xobeh
 77533 | Depths:1 | Found a gateway to Hell.
 77879 | Depths:1 | Noticed Nikola
 77880 | Depths:1 | Reached XP level 22. HP: 132/132 MP: 9/40
 77886 | Depths:1 | Killed Nikola
 78309 | Depths:1 | Received a gift from Nemelex Xobeh
 79272 | Depths:2 | Received a gift from Nemelex Xobeh
 79526 | Depths:2 | Found a one-way gate leading to the halls of Pandemonium.
 79529 | Depths:2 | Received a gift from Nemelex Xobeh
 80191 | Depths:2 | Noticed the Enchantress
 80195 | Depths:2 | Identified the +0 long sword "Veaf" {drain, rF+}
 80197 | Depths:2 | Killed the Enchantress
 81290 | Depths:3 | Noticed a golden dragon
 81568 | Depths:3 | Killed a golden dragon
 81857 | Depths:3 | Received a gift from Nemelex Xobeh
 82291 | Depths:3 | Found Runux's One-of-a-Kind Books.
 82357 | Depths:3 | Found a one-way gate to the infinite horrors of the Abyss.
 82368 | Depths:3 | Noticed Louise
 82385 | Depths:3 | Killed Louise
 82593 | Depths:4 | Entered Level 4 of the Depths
 82894 | Depths:4 | Noticed a golden dragon
 82899 | Depths:4 | Killed a golden dragon
 83222 | Depths:4 | Found a one-way gateway to a ziggurat.
 83363 | Depths:4 | Reached XP level 23. HP: 126/146 MP: 0/41
 83715 | Depths:4 | Received a gift from Nemelex Xobeh
 83716 | Depths:4 | Found a stormy altar of Qazlal.
 84080 | Depths:4 | Received a gift from Nemelex Xobeh
 84271 | Depths:4 | Reached skill level 10 in Fighting
 84763 | Depths:4 | Found a gate to the Realm of Zot.
 85259 | Slime:1  | Entered Level 1 of the Pits of Slime
 85756 | Lair:5   | Learned a level 6 spell: Starburst
 86041 | Slime:5  | Entered Level 5 of the Pits of Slime
 86041 | Slime:5  | Received a gift from Nemelex Xobeh
 86211 | Slime:4  | Found a viscous altar of Jiyva.
 86647 | Slime:4  | Received a gift from Nemelex Xobeh
 87018 | Slime:5  | Reached skill level 5 in Conjurations
 87352 | Slime:5  | Noticed the Royal Jelly
 87391 | Slime:5  | Killed the Royal Jelly
 87903 | Slime:5  | Reached skill level 15 in Spellcasting
 88062 | Slime:5  | Identified the +7 flail of Twilight {protect, rN+ SInv}
 88066 | Slime:5  | Identified the ring of Qusifek {rF+ rC++ MP+9 Int+4}
 88080 | Slime:5  | Identified the +9 war axe of Vadeutaz {holy, rC+ rN+ rCorr
                  | Stlth+}
 88087 | Slime:5  | Identified the amulet of Xuopraa {Reflect Will- MP+9 Str+2
                  | SH+5}
 88118 | Slime:5  | Got a slimy rune of Zot
 88141 | Slime:5  | Identified the ring of the Butterfly {rCorr Str+3}
 88163 | Slime:5  | Learned a level 7 spell: Orb of Destruction
 88776 | Zot:1    | Entered Level 1 of the Realm of Zot
 90193 | Zot:1    | Received a gift from Nemelex Xobeh
 90334 | Zot:1    | Reached skill level 10 in Conjurations
 90334 | Zot:1    | Reached XP level 24. HP: 154/154 MP: 42/42
 90343 | Zot:1    | Noticed Grunn
 90351 | Zot:1    | Killed Grunn
 91458 | Zot:2    | Received a gift from Nemelex Xobeh
 91670 | Zot:2    | Noticed an orb of fire
 91675 | Zot:2    | Killed an orb of fire
 92592 | Orc:2    | Bought the +2 hood of the Assassin {Detect Stab+ Stlth++}
                  | for 2340 gold pieces
 92592 | Orc:2    | Found the +2 hood of the Assassin {Detect Stab+ Stlth++}
 93608 | Zot:3    | Noticed a curse toe
 93616 | Zot:3    | Killed a curse toe
 93804 | Zot:3    | Found an ancient bone altar of Kikubaaqudgha.
 94810 | Zot:3    | Reached skill level 15 in Conjurations
 95714 | Zot:3    | Reached skill level 15 in Invocations
 95828 | Zot:3    | Identified the +2 robe of the Good {SInv}
 95838 | Zot:3    | Noticed an ancient lich
 95845 | Zot:3    | Killed an ancient lich
 96156 | Zot:3    | Received a gift from Nemelex Xobeh
 96395 | Zot:3    | You are sucked into a shaft and drop 1 floor!
 96397 | Zot:4    | Reached XP level 25. HP: 159/159 MP: 42/42
 97413 | Zot:3    | Learned a level 2 spell: Blink
 99247 | Zot:4    | Received a gift from Nemelex Xobeh
 99290 | Zot:4    | Found the +4 dragonskin cloak
 99290 | Zot:4    | Noticed Tiamat
 99296 | Zot:4    | Killed Tiamat
100011 | Zot:5    | Entered Level 5 of the Realm of Zot
100482 | Zot:5    | Received a gift from Nemelex Xobeh
100875 | Zot:5    | Noticed an orb of fire
100879 | Zot:5    | Killed an orb of fire
101037 | Zot:5    | Noticed an ancient lich
101042 | Zot:5    | Killed an ancient lich
101098 | Zot:4    | Learned a level 9 spell: Chain Lightning
101575 | Zot:5    | Noticed a Killer Klown
101591 | Zot:5    | Noticed an orb of fire
101593 | Zot:5    | Noticed an orb of fire
101902 | Zot:5    | Noticed an orb of fire
101906 | Zot:5    | Killed an orb of fire
101920 | Zot:5    | Gained mutation: You are vulnerable to heat. (rF-) [an orb
                  | of fire]
101923 | Zot:5    | Killed an orb of fire
101939 | Zot:4    | Lost mutation: You are strong-willed. (Will+) [potion of
                  | mutation]
101939 | Zot:4    | Lost mutation: You are covered in fur. (AC +1) [potion of
                  | mutation]
101939 | Zot:4    | Gained mutation: Your mind is acute. (Int +4, Str/Dex -1)
                  | [potion of mutation]
101939 | Zot:4    | Gained mutation: You passively dampen the noise of your
                  | surroundings. [potion of mutation]
101939 | Zot:4    | Gained mutation: You are resistant to electric shocks.
                  | (rElec) [potion of mutation]
101940 | Zot:4    | Lost mutation: You are vulnerable to heat. (rF-) [potion of
                  | mutation]
101940 | Zot:4    | Lost mutation: Your mind is acute. (Int +4, Str/Dex -1)
                  | [potion of mutation]
101940 | Zot:4    | Gained mutation: Your spells are a little harder to cast,
                  | but a little more powerful. [potion of mutation]
102040 | Zot:5    | Killed a Killer Klown
102041 | Zot:5    | Reached XP level 26. HP: 109/165 MP: 44/44
102226 | Zot:5    | Killed an orb of fire
102461 | Zot:5    | Noticed an ancient lich
102482 | Zot:5    | Killed an ancient lich
102711 | Zot:5    | Noticed an orb of fire
102715 | Zot:5    | Killed an orb of fire
102956 | Zot:5    | Noticed an ancient lich
102960 | Zot:5    | Killed an ancient lich
103018 | Zot:5    | Noticed a Killer Klown
103022 | Zot:5    | Killed a Killer Klown
103495 | Zot:5    | Noticed an orb of fire
103501 | Zot:5    | Killed an orb of fire
103591 | Zot:5    | Noticed an ancient lich
103595 | Zot:5    | Killed an ancient lich
103656 | Zot:5    | Noticed a Killer Klown
103660 | Zot:5    | Killed a Killer Klown
105009 | Zot:5    | Noticed a Killer Klown
105012 | Zot:5    | Killed a Killer Klown
105081 | Zot:5    | Noticed an orb of fire
105082 | Zot:5    | Gained mutation: You are occasionally teleported next to
                  | monsters. [an orb of fire]
105086 | Zot:5    | Gained mutation: You occasionally lose the ability to drink
                  | potions when taking damage. [an orb of fire]
105087 | Zot:5    | Killed an orb of fire
105107 | Zot:4    | Lost mutation: You passively dampen the noise of your
                  | surroundings. [potion of mutation]
105107 | Zot:4    | Lost mutation: Your spells are a little harder to cast, but
                  | a little more powerful. [potion of mutation]
105107 | Zot:4    | Lost mutation: You are resistant to electric shocks.
                  | (rElec) [potion of mutation]
105107 | Zot:4    | Gained mutation: Your magical capacity is low. (-10% MP)
                  | [potion of mutation]
105108 | Zot:4    | Lost mutation: Your magical capacity is low. (-10% MP)
                  | [potion of mutation]
105108 | Zot:4    | Lost mutation: You are occasionally teleported next to
                  | monsters. [potion of mutation]
105108 | Zot:4    | Gained mutation: You occasionally shout uncontrollably at
                  | your foes. [potion of mutation]
105108 | Zot:4    | Gained mutation: You are dopey. (Int -2) [potion of
                  | mutation]
105108 | Zot:4    | Gained mutation: You are partially covered in large bone
                  | plates. (SH +4) [potion of mutation]
105109 | Zot:4    | Lost mutation: You occasionally shout uncontrollably at
                  | your foes. [potion of mutation]
105109 | Zot:4    | Lost mutation: You are dopey. (Int -2) [potion of mutation]
105109 | Zot:4    | Gained mutation: You are partially covered in iridescent
                  | scales. (AC +2) [potion of mutation]
105109 | Zot:4    | Gained mutation: You passively dampen the noise of your
                  | surroundings. [potion of mutation]
105109 | Zot:4    | Gained mutation: You are mostly covered in large bone
                  | plates. (SH +6) [potion of mutation]
105173 | Zot:5    | Noticed a Killer Klown
105178 | Zot:5    | Killed a Killer Klown
105196 | Zot:5    | Noticed an orb of fire
105200 | Zot:5    | Killed an orb of fire
105295 | Zot:5    | Received a gift from Nemelex Xobeh
106460 | Zot:5    | Got the Orb of Zot
106674 | Depths:4 | Noticed Uratuf the pandemonium lord
106684 | Depths:4 | Killed Uratuf the pandemonium lord
107262 | D:1      | gg
107263 | D:$      | Escaped with the Orb!

Illustrated notes

.......#####∩.....#############.#
.......+..^#∩A....# #.....# #.#
.......#.###∩.....###.....# #.#
...#......[##.....∩##.....#####.#
####.....#..#.....###.....'......
...#.....#..##...## #.....######.
.#.#)....#..##...# #.##### #.
##.#.....##.###..# #.# #.
.#.#.....+..# ##@# #.# #.
.#.......#### ### #.# #.
.####################.###########
.................................
#####################.###########
..###### #.# # #......# #.# #
######.# #.# #.# #.#


Turn 107262 on D:1: gg

Levels and vault maps discovered:
D:1:      amcnicky_arrival_abandoned_market, layout_basic, minmay_pentomino_w4
D:2:      layout_loops_ring, basic_altar, serial_shops, shop,
          nicolae_shop_tiny_real_fake_doors, nicolae_shop_pleasant_corner_grove,
          shapermc_ecumenical_altar_pompeii
D:3:      layout_basic, uniq_natasha
D:4:      layout_loops_ring, mainiacjoe_overflow_big_doors, uniq_grinder,
          uniq_ijyb, uniq_blork_the_orc, uniq_pargi
D:5:      layout_cave_pools, serial_glass, glass_columns_a, glass_columns_a
D:6:      layout_loops_ring, minmay_temple_entry_drinking_statues, uniq_pikel,
          uniq_menkaure
D:7:      layout_loops_ring, nicolae_overflow_hallway_of_the_gods, zin_treasury
D:8:      layout_basic, nemelex_spade_bored_becter,
          nicolae_hepliaklqana_monster_ancestors, lair_entry_dummy, uniq_maurice
D:9:      layout_loops_ring, serial_shops, shop, minmay_splitting_lines
D:10:     layout_loops_ring, kennysheep_mini, minmay_shop_grid_forest
D:11:     layout_cave_pods, orc_0_dummy, uniq_josephine
D:12:     cross_vault, layout_cave_pods,
          nicolae_uskayaw_murder_on_the_dancefloor, uniq_nergalle
D:13:     minmay_polygon_palace, layout_small_grid,
          gammafunk_ghost_berserking_beasts, amcnicky_mini_rare_corridor_liquid,
          minmay_misc_feat_cross
D:14:     layout_rooms, grunt_vaults_entry_fortified, hangedman_decor_slide_cut,
          corexii_corridor_pit, minmay_misc_feat_columns
D:15:     grunt_enter_depths_magical_seal, layout_loops_cross,
          hangedman_decor_clover_reticule, gauntlet_entry_generic,
          minmay_quadrilaterals
Lair:1:   layout_small_grid, grunt_megastairs_2, lemuel_fruit_fields,
          lemuel_fruit_fields, lemuel_fruit_tree
Lair:2:   layout_gridlike, guppyfry_snake_entry_island
Lair:3:   layout_layer_cave, palyth_hydra_swamp_entry
Lair:4:   layout_hall_layers
Lair:5:   hangedman_lair_in_review, layout_loops_ring, slime_entry_1,
          basic_altar, minivault_27, nicolae_quartered_pool_super,
          kilobyte_rumbling_trees, infiniplex_staircase_pool_2
Swamp:1:  layout_basic_swamp, serial_swamp_ruin, evilmike_swamp_ruin_house_6,
          evilmike_swamp_ruin_house_1, evilmike_swamp_ruin_house_2
Swamp:2:  layout_falls_marsh, evilmike_swamp_ruin_house_5,
          infiniplex_staircase_pool
Swamp:3:  layout_basic_swamp, hangedman_swamp_ruin_wall, uniq_jorgrun
Swamp:4:  swamp_old_school, layout_basic_swamp,
          portal_ice_cave_entry_ice_simulacra, nicolae_swamp_little_swirl
Snake:1:  nrook_guardian_serpent_snake_passage, layout_chambers,
          gammafunk_ghost_grave, special_room, nicolae_snake_gridmaze_squiggle,
          st_stairs_11
Snake:2:  layout_honeycomb, serial_shops, shop,
          nicolae_shop_i_like_small_books_too
Snake:3:  layout_layer_cave, grunt_megastairs_3, uniq_vashnia
Snake:4:  snake_pit, layout_rooms, serial_shops, shop_coins
Slime:1:  layout_caves
Slime:2:  layout_caves
Slime:3:  layout_caves
Slime:4:  layout_caves, basic_altar
Slime:5
Orc:1:    cheibrodos_orc_bank, layout_caves, basic_altar, gammafunk_ghost_smash,
          serial_shops, shop
Orc:2:    grunt_orc_community_town_hall, layout_caves,
          grunt_orc_community_big_house_2, grunt_orc_community_big_house_1,
          grunt_orc_community_house_2, grunt_orc_community_house_2,
          grunt_orc_community_house_3, grunt_orc_community_house_3,
          grunt_orc_community_house_1, serial_shops, nicolae_shop_dealshenge,
          shop, nicolae_diamond_shop
Elf:1:    layout_loops_corners, serial_shops, nicolae_shop_real_fake_doors,
          minivault_28
Elf:2:    nicolae_elf_blades_splatter_lattice [nicolae_blade_entry_pointy_end],
          layout_geoelf_grid, minivault_11
Elf:3:    minmay_elf_hall_circle, layout_onion_city, serial_shops,
          nicolae_diamond_shop
Vaults:1: v_misc_2, nicolae_vaults_diamond_1, nicolae_vaults_triangles,
          nicolae_vaults_offset_grid_hallway_4, nicolae_vaults_what_the_h,
          nicolae_vaults_specimen_jars, nicolae_vaults_closet_pinwheel_6,
          vaults_room_door_ring, nicolae_vaults_cornered_office,
          ontoclasm_vaults_shuriken, nicolae_vaults_heart-shaped_vault,
          layout_vaults_omnibox, uniq_donald
Vaults:2: v_misc_30, nicolae_vaults_storage_room_statues,
          vaults_standard_mumra_x, v_rooms_6, nicolae_vaults_asterisk,
          st_hourglassy, nicolae_vaults_little_ls, nicolae_vaults_diamond_1,
          layout_vaults_big_room, serial_shops,
          nicolae_shop_pleasant_corner_grove
Vaults:3: nicolae_vaults_house_3, nicolae_vaults_layer_cake_slice,
          nicolae_vaults_corridor_and_loot_room,
          nicolae_vaults_storage_closets_3, blue_anna_dwarven_crypt, v_misc_4,
          hangedman_vaults_hat, nicolae_vaults_double_plus_2,
          nicolae_vaults_house_3, layout_vaults_omnigrid, serial_shops, shop
Vaults:4: nicolae_vaults_oval_intersection, nicolae_vaults_mini_display_case,
          ontoclasm_vaults_hangar, nicolae_vaults_little_squares_6,
          hangedman_vaults_trim, nicolae_vaults_network_star,
          nicolae_vaults_doubleplus_tesselated, v_pattern_4, v_misc_29,
          nicolae_vaults_house_3, nicolae_vaults_trapezoid_lopsided_3,
          nicolae_vaults_tetromino_Z_2, nicolae_vaults_apartment_1,
          vaults_dpeg_ring, vaults_dpeg_encased_lava, layout_vaults_ring
Vaults:5: uniq_sojobo
Depths:1: layout_honeycomb, grunt_decor_junction, hell_entry, st_stairs_4,
          serial_sigils_hangedman_shear, lightli_fourway_metalbox, uniq_nikola,
          uniq_asterion
Depths:2: nicolae_cairo_tiling_large_dashed, layout_honeycomb, pan_entry,
          hell_entry, hangedman_abyss_or_decor_stabs,
          infiniplex_staircase_hallway_doors, firewood_loft, uniq_enchantress
Depths:3: dreamdust_hydra_shepherd, layout_cave_pools, pan_entry,
          hangedman_geh_valley, nicolae_abyss_entry_one_way_or_another,
          serial_sigils, serial_sigils_hangedman_gut,
          serial_sigils_hangedman_gnaw, serial_sigils_hangedman_writhe,
          serial_sigils_hangedman_snap, nicolae_rare_books, minmay_misc_feat_chi
Depths:4: grunt_bruiser_brothers, layout_small_grid, enter_ziggurat_f,
          nicolae_qazlal_eye_of_the_storm, lightli_too_deep
Zot:1:    layout_onion, uniq_grunn
Zot:2:    layout_misc_corridors
Zot:3:    grunt_twist_and_shout, layout_onion_interference, basic_altar,
          lemuel_lich_library
Zot:4:    layout_cellular_growth, st_small_dragon_hoard_2, uniq_tiamat
Zot:5:    layout_misc_corridors

Skill      XL: |  1  2  3  4  5  6  7  8  9 10 11 12 13 14 15 16 17 18 19 20 21 22 23 24 25 26 |
---------------+-------------------------------------------------------------------------------+-----
Spellcasting   | 3 4 5 7 8 10 11 12 14 15 17 18 | 18.7
Air Magic      | 4 5 7 8 10 12 14 16 17 18 20 | 20.6
Stealth        | 3 4 5 6 8 |  8.0
Fighting       | 1 2 4 6 9 10 | 10.0
Invocations    | 2 3 5 6 9 12 14 15 16 | 16.3
Dodging        | 3 5 6 8 11 13 14 | 14.0
Evocations     | 3 5 |  5.0
Shields        | 4 5 7 10 13 14 | 14.0
Short Blades   | 3 5 |  5.0
Ice Magic      | 3 9 11 12 | 12.6
Fire Magic     | 4 9 12 14 16 17 | 17.0
Conjurations   | 10 15 17 19 | 19.3

Action                     |  1- 3 |  4- 6 |  7- 9 | 10-12 | 13-15 | 16-18 | 19-21 | 22-24 | 25-27 || total
---------------------------+-------+-------+-------+-------+-------+-------+-------+-------+-------++-------
  Melee: Dagger            |    11 |     5 |    31 |    83 |   111 |       |       |       |       ||   241
         Tentacles         |     5 |     2 |    10 |    26 |   239 |    24 |     5 |    29 |     6 ||   346
         Constrict         |     3 |     1 |     8 |    11 |    88 |     8 |     2 |     6 |     2 ||   129
         Punch             |       |       |     1 |     3 |    12 |     1 |       |     2 |       ||    19
         Kick              |       |       |       |     2 |       |       |       |       |       ||     2
         Spear             |       |       |       |       |   508 |    17 |       |       |       ||   525
         Staff             |       |       |       |       |       |    61 |    18 |    61 |     9 ||   149
  Throw: Dart              |       |       |       |       |     5 |     1 |       |       |       ||     6
   Cast: Shock             |    92 |    82 |   151 |   140 |    96 |       |     1 |       |       ||   562
         Airstrike         |       |     1 |    48 |   229 |   619 |   493 |    65 |     1 |     4 ||  1460
         Swiftness         |       |     1 |     4 |     3 |     1 |       |       |     1 |       ||    10
         Static Discharge  |       |       |     8 |    21 |    31 |     5 |       |     3 |       ||    68
         Plasma Beam       |       |       |       |       |       |   271 |   452 |   488 |   219 ||  1430
         Ozocubu's Refrige |       |       |       |       |       |       |     4 |    29 |     6 ||    39
         Starburst         |       |       |       |       |       |       |       |    36 |     7 ||    43
         Maxwell's Capacit |       |       |       |       |       |       |       |    24 |    63 ||    87
         Orb of Destructio |       |       |       |       |       |       |       |     5 |     5 ||    10
         Blink             |       |       |       |       |       |       |       |       |     3 ||     3
 Invoke: Draw Destruction  |       |     3 |     1 |     1 |     5 |     5 |    20 |    19 |     2 ||    56
         Draw Summoning    |       |     1 |     2 |       |     6 |     1 |     7 |     1 |       ||    18
         Triple Draw       |       |       |       |     4 |       |       |     1 |     1 |       ||     6
         Deal Four         |       |       |       |       |     1 |     4 |       |     3 |     1 ||     9
  Evoke: Wand              |       |     2 |     2 |     1 |     3 |     2 |     2 |     4 |       ||    16
         Tin of tremorston |       |       |       |       |       |     1 |       |     1 |       ||     2
    Use: Scroll            |     2 |     3 |     2 |     6 |     9 |    12 |     4 |     4 |     6 ||    48
         Potion            |       |     2 |       |    13 |     3 |     2 |     4 |     4 |     7 ||    35
   Stab: Sleeping          |       |       |       |       |     4 |       |       |       |       ||     4
         Distracted        |       |       |       |       |       |       |       |     1 |     1 ||     2
 Armour: Skin              |     2 |       |     9 |    47 |   154 |    65 |    28 |    26 |     6 ||   337
  Dodge: Dodged            |    10 |    17 |    57 |   181 |   323 |   174 |    57 |   174 |    71 ||  1064
  Block: Kite shield       |       |       |       |    13 |   553 |   321 |   168 |   254 |    74 ||  1383
         Other             |       |       |       |     1 |       |       |       |       |       ||     1
         Reflection        |       |       |       |       |    33 |    69 |    61 |     8 |     4 ||   175

Table legend: (Time is in decaauts)
 A = Elapsed time spent in this place.
 B = Non-inter-level travel time spent in this place.
 C = Inter-level travel time spent in this place.
 D = Time resting spent in this place.
 E = Time spent auto-exploring this place.
 F = Levels seen in this place.
 G = Mean time per level.
                   A        B        C        D        E       F      G
               +--------+--------+--------+--------+--------+-----+--------+
         Total | 107440 |  98891 |   8549 |  51295 |  31042 |  54 | 1989.6 |
       Dungeon |  26760 |  23032 |   3728 |   9951 |   8354 |  15 | 1784.0 |
          Lair |  13652 |  12510 |   1142 |   6236 |   4286 |   5 | 2730.4 |
         Swamp |   5560 |   5314 |    246 |   3174 |   1534 |   4 | 1390.0 |
     Snake Pit |  13289 |  13010 |    279 |   7651 |   3383 |   4 | 3322.2 |
    Slime Pits |   2795 |   2650 |    145 |   1747 |    354 |   5 |  559.0 |
  Orcish Mines |   2591 |   2372 |    219 |    941 |    719 |   2 | 1295.5 |
   Elven Halls |   7308 |   7069 |    239 |   3460 |   2471 |   3 | 2436.0 |
        Vaults |   7662 |   7374 |    288 |   3414 |   2969 |   5 | 1532.4 |
        Depths |  10154 |   8773 |   1381 |   4997 |   2784 |   4 | 2538.5 |
           Zot |  15298 |  14420 |    878 |   8200 |   3913 |   5 | 3059.6 |
      Ice Cave |   1721 |   1721 |      0 |   1236 |    142 |   1 | 1721.0 |
      Gauntlet |    645 |    645 |      0 |    288 |    133 |   1 |  645.0 |
               +--------+--------+--------+--------+--------+-----+--------+

Top non-repeatable levels by time:
 Snake:3: 5292 daAuts
   Zot:3: 4953 daAuts
   Zot:5: 4396 daAuts
  Lair:5: 3985 daAuts
 Snake:2: 3450 daAuts
Depths:4: 3282 daAuts
   Elf:3: 3195 daAuts
  Lair:2: 2875 daAuts
Depths:1: 2844 daAuts
  Lair:3: 2772 daAuts
Depths:2: 2629 daAuts
 Snake:1: 2628 daAuts
   Elf:1: 2363 daAuts
  Lair:4: 2354 daAuts
    D:11: 2338 daAuts
